 Dungeon Crawl Stone Soup version 0.24-a0-335-g06ca16a (webtiles) character file.

Game seed: 3688153348574469691

221 Aethirshero the Skirmisher (level 5, 0/45 (46) HPs)
             Began as a Ghoul Warper on May 20, 2019.
             Was an Initiate of Kikubaaqudgha.
             Slain by Grinder (8 damage)
             ... on level 4 of the Dungeon.
             The game lasted 00:12:38 (2704 turns).

Aethirshero the Skirmisher (Ghoul Warper)           Turns: 2704, Time: 00:12:38

HP:   0/45 (46)     AC:  3    Str: 15    XL:     5   Next: 98%
MP:   7/7           EV: 12    Int:  8    God:    Kikubaaqudgha [......]
Gold: 272           SH:  0    Dex:  9    Spells: 3/8 levels left

rFire    . . .     SeeInvis .     - Unarmed
rCold    + . .     Gourm    .   (no shield)
rNeg     + + +     Faith    .   a - +0 leather armour
rPois    ∞         Spirit   .   (no helmet)
rElec    .         Reflect  .   (no cloak)
rCorr    .         Harm     .   (no gloves)
MR       .....                  (no boots)
Stlth    +.........             (no amulet)
HPRegen  0.00/turn              (no ring)
MPRegen  0.10/turn              (no ring)

@: rotting
A: rotting body, claws 1, carnivore, cold resistance 1, negative energy
resistance 3, inhibited regeneration, torment resistance, unbreathing
a: Renounce Religion


You were on level 4 of the Dungeon.
You worshipped Kikubaaqudgha.
Kikubaaqudgha was noncommittal.
You were not hungry.

You visited 2 branches of the dungeon, and saw 5 of its levels.

You collected 272 gold pieces.

Inventory:

Missiles
 d - 4 boomerangs of dispersal
 h - 3 atropa-tipped darts
 p - 17 poisoned darts
 t - 3 silver boomerangs (quivered)
 w - 2 boomerangs
Armour
 a - a +0 leather armour (worn)
Scrolls
 c - a scroll of blinking
 k - 3 scrolls of enchant armour {unknown}
 o - 2 scrolls of teleportation {unknown}
 s - a scroll of identify {unknown}
 u - a scroll of enchant weapon {unknown}
 x - a scroll of remove curse {unknown}
 y - a scroll of magic mapping {unknown}
Potions
 b - 2 potions of flight {unknown}
 e - a potion of degeneration {unknown}
 i - 3 potions of lignification {unknown}
 j - 2 potions of curing {unknown}
 l - 2 potions of heal wounds {unknown}
 m - 3 potions of mutation {unknown}
 n - 2 potions of agility {unknown}
 q - a potion of resistance {unknown}
 r - a potion of might {unknown}
 v - 2 potions of berserk rage {unknown}
Comestibles
 f - 8 rations
 g - 4 chunks of flesh


   Skills:
 * Level 3.9 Fighting
 - Level 0.8 Throwing
 + Level 1.8 Armour
 + Level 2.3 Dodging
 + Level 1.8 Stealth
 * Level 3.8 Unarmed Combat
 - Level 2.0 Spellcasting
 + Level 3.1 Translocations


You had 3 spell levels left.
You knew the following spells:

 Your Spells              Type           Power        Failure   Level  Hunger
a - Blink                 Tloc           N/A          19%         2    ###....
b - Teleport Other        Tloc           #.......     36%         3    ####...

Your spell library contained the following spells:

 Spells                   Type           Power        Failure   Level  Hunger
 Shroud of Golubria       Chrm/Tloc      #.........   34%         2    ###....
 Gell's Gravitas          Tloc           #.........   36%         3    ####...
 Lesser Beckoning         Tloc           #.........   36%         3    ####...
 Corona                   Hex            #......      41%         1    ##.....
 Ensorcelled Hibernation  Hex/Ice        #.....       54%         2    ###....
 Confuse                  Hex            #.......     78%         3    ####...
 Dazzling Spray           Conj/Hex       #.....       78%         3    ####...
 Tukima's Dance           Hex            #.......     78%         3    ####...
 Passage of Golubria      Tloc           N/A          77%         4    #####..


Dungeon Overview and Level Annotations

Branches:
Dungeon (4/15)             Temple (1/1) D:4

Altars:
Ashenzari
Cheibriados
Dithmenos
Fedhas
Gozag
Hepliaklqana
Kikubaaqudgha
Nemelex Xobeh
Okawaru
Qazlal
Ru
Sif Muna
Trog
Wu Jian
Yredelemnul
Zin

Annotations:
D:4 Grinder


Innate Abilities, Weirdness & Mutations

Your body is rotting away.
You thrive on raw meat.
You are immune to poison.
You have sharp fingernails.
You are carnivorous and can eat meat at any time.
Your flesh is cold resistant. (rC+)
You are immune to negative energy. (rN+++)
You do not regenerate when monsters are visible.
You are immune to unholy pain and torment.
You can survive without breathing.


Message History

You resist with significant effort.
You can move again.
Throwing (i - inventory. (/) - cycle)
t - 3 silver boomerangs (quivered)
Press: ? - help, Shift-Dir - straight line, f/p - Grinder
Aim: Grinder (moderately wounded, chaotic)
You throw a silver boomerang.
The silver boomerang barely misses Grinder.
Some of the chunks of flesh in your inventory have rotted away.
You scratch Grinder.
Grinder is heavily wounded.
Grinder closely misses you.
You scratch Grinder.
Grinder is heavily wounded.
Grinder hits you!
* * * LOW HITPOINT WARNING * * *
You closely miss Grinder.
Grinder is heavily wounded.
Grinder hits you!
You die...
Kikubaaqudgha rasps: "You have failed me!
Welcome... oblivion!"

##...##### #......#. #....>.'
#.5...# ###+#### #######.%...#
########......#
#....##.....######............##
#|...##.....##.@...<...÷..).(.##
##...##.....'..5...<...##.....##
##...##.....##..##....(##.....##
#.....'.....##..##.....##.......
#....##.....##..##.....##.......
##...#########.........#########
##'####................##... #
#....#...................... #
#....+...................... #


You could see Grinder.

Vanquished Creatures
  An orc wizard (D:4)
  Robin (D:3)
  4 adders
  2 oozes (D:2)
  3 worms
  2 dart slugs
  8 leopard geckos
  10 orcs
  8 bats
  6 giant cockroaches
  15 goblins
  12 hobgoblins
  11 jackals
  A quokka (D:2)
  A ball python (D:1)
  4 frilled lizards
  A jackal skeleton (D:3)
  7 kobolds
  7 rats
104 creatures vanquished.

Notes
Turn   | Place    | Note
-------+----------+-------------------------------------------
     0 | D:1      | Aethirshero the Ghoul Warper began the quest for the Orb.
     0 | D:1      | Reached XP level 1. HP: 17/17 MP: 2/2
    55 | D:1      | Reached skill level 1 in Armour
   105 | D:1      | Reached XP level 2. HP: 15/25 MP: 3/3
   472 | D:1      | Reached XP level 3. HP: 30/30 MP: 4/4
   482 | D:1      | Learned a level 2 spell: Blink
   486 | D:1      | Learned a level 3 spell: Teleport Other
   713 | D:2      | Reached skill level 1 in Stealth
   831 | D:2      | Reached XP level 4. HP: 27/38 MP: 6/6
  1407 | D:3      | Reached XP level 5. HP: 24/45 MP: 7/7
  1832 | D:4      | Found a staircase to the Ecumenical Temple.
  1832 | D:4      | Noticed Robin
  1842 | D:3      | Killed Robin
  1946 | Temple   | Entered the Ecumenical Temple
  1956 | Temple   | Became a worshipper of Kikubaaqudgha
  2293 | D:4      | Noticed Grinder
  2297 | D:4      | Paralysed by Grinder for 3 turns
  2323 | D:4      | Paralysed by Grinder for 2 turns
  2334 | D:4      | Paralysed by Grinder for 3 turns
  2696 | D:4      | Paralysed by Grinder for 5 turns
  2704 | D:4      | Slain by Grinder

Levels and vault maps discovered:
D:1:      dpeg_arrival_stone_temple_mockup, layout_rooms,
          minmay_tree_intersection, minmay_pentomino_z2
D:2:      layout_basic
D:3:      layout_rooms
D:4:      layout_gridville, minmay_temple_entry_overgrown, first_ration,
          uniq_robin, uniq_grinder
Temple:   eino_temple_scatter_basement

Skill      XL: |  1  2  3  4 |
---------------+-------------+-----
Armour         | 1 |  1.8
Spellcasting   | 2 |  2.0
Dodging        | 2 |  2.3
Stealth        | 1 |  1.8
Unarmed Combat | 3 |  3.8
Fighting       | 3 |  3.9
Translocations | 3 |  3.1
Throwing       | |  0.8

Action                   |  1- 3 |  4- 6 || total
-------------------------+-------+-------++-------
Melee: Unarmed           |   110 |   267 ||   377
       Punch             |     1 |     3 ||     4
Throw: Dart              |       |    24 ||    24
       Boomerang         |       |     5 ||     5
 Cast: Blink             |       |     2 ||     2
 Stab: Sleeping          |       |     1 ||     1
  Eat: Chunk             |    13 |    39 ||    52
Armor: Leather armour    |    16 |    56 ||    72
Dodge: Dodged            |    41 |   190 ||   231

Table legend:
 A = Non-vault XP
 B = Vault XP
 C = Vault XP percentage of total XP
 D = Non-vault monster count
 E = Vault monster count
 F = Vault count percentage of total count
                 A         B        C        D         E       F
            +---------+---------+-------+---------+---------+-------
      Total |     279 |      37 |  11.7 |      91 |      13 |  12.5
            +---------+---------+-------+---------+---------+-------
        D:1 |      36 |       1 |   2.7 |      20 |       1 |   4.8
        D:2 |      74 |       0 |   0.0 |      25 |       0 |   0.0
        D:3 |      95 |      30 |  24.0 |      30 |       9 |  23.1
        D:4 |      74 |       6 |   7.5 |      16 |       3 |  15.8
            +---------+---------+-------+---------+---------+-------
